 Dungeon Crawl Stone Soup version 0.26.0-10-g1f06aea511 (webtiles) character file.

Game seed: 9305020891082334910

794 Dracia the Grasshopper (level 7, -6/56 HPs)
             Began as a Gnoll Warper on Jan 14, 2021.
             Mangled by Natasha (8 damage)
             ... on level 4 of the Dungeon on Jan 15, 2021.
             The game lasted 00:08:19 (4370 turns).

Dracia the Grasshopper (Gnoll Warper)               Turns: 4370, Time: 00:08:19

Health: -6/56      AC:  6    Str: 15    XL:     7   Next: 89%
Magic:  15/15      EV: 14    Int: 16    God:
Gold:   292        SH:  5    Dex: 14    Spells: 6/17 levels left

rFire    . . .     SeeInvis .   q - +3 short sword (venom)
rCold    + . .     Faith    .   (no shield)
rNeg     . . .     Spirit   .   y - +2 leather armour {Will+}
rPois    .         Reflect  +   (no helmet)
rElec    .         Harm     .   l - +0 cloak
rCorr    .         Rampage  .   (no gloves)
Will     +....                  (no boots)
Stlth    ++........             h - amulet of reflection
HPRegen  0.18/turn              C - ring of protection from cold
MPRegen  0.14/turn              (no ring)

@: no status effects
A: distributed training, fangs 1, strong nose
a: no special abilities


You were on level 4 of the Dungeon.
You visited 1 branch of the dungeon, and saw 5 of its levels.

You collected 292 gold pieces.


Innate Abilities, Weirdness & Mutations

Your experience applies equally to all skills.
You have very sharp teeth.
Your uncanny sense of smell can sniff out nearby items.


   Skills:
 + Level 5.4 Fighting
 + Level 2.7 Short Blades
 + Level 5.4 Long Blades
 + Level 2.7 Axes
 + Level 2.7 Maces & Flails
 + Level 2.7 Polearms
 + Level 2.7 Staves
 + Level 2.7 Slings
 + Level 2.7 Bows
 + Level 2.7 Crossbows
 + Level 3.8 Throwing
 + Level 3.8 Armour
 + Level 5.4 Dodging
 + Level 2.7 Stealth
 + Level 2.7 Shields
 + Level 2.7 Unarmed Combat
 + Level 5.7 Spellcasting
 + Level 2.2 Conjurations
 + Level 2.2 Hexes
 + Level 2.2 Summonings
 + Level 2.2 Necromancy
 + Level 5.9 Translocations
 + Level 2.2 Transmutations
 + Level 2.2 Fire Magic
 + Level 2.2 Ice Magic
 + Level 2.2 Air Magic
 + Level 2.2 Earth Magic
 + Level 2.2 Poison Magic
 + Level 3.0 Invocations
 + Level 2.7 Evocations


You had 6 spell levels left.
You knew the following spells:

 Your Spells              Type           Power        Failure   Level
g - Gell's Gravitas       Tloc           11%          4%          3
l - Lesser Beckoning      Tloc           11%          4%          3
t - Teleport Other        Tloc           23%          4%          3
I - Blink                 Tloc           N/A          2%          2

Your spell library contained the following spells:

 Spells                   Type           Power        Failure   Level
 Passage of Golubria      Tloc           N/A          16%         4

Inventory:

Hand Weapons
 a - a +0 falchion
 q - a +3 short sword of venom (weapon)
Missiles
 e - 3 boomerangs of dispersal (quivered) {=f=f}
 j - 30 poisoned darts
Armour
 b - a +0 leather armour
 l - a +0 cloak (worn)
 y - a +2 leather armour of willpower (worn)
Jewellery
 g - an uncursed amulet of regeneration
 h - an amulet of reflection (around neck)
 o - an uncursed amulet of magic regeneration
 u - an uncursed amulet of inaccuracy
 x - an uncursed ring of attention
 C - a ring of protection from cold (left hand)
Wands
 t - a wand of paralysis (8)
Scrolls
 c - a scroll of remove curse {@r2@r2}
 d - 3 scrolls of blinking
 m - 4 scrolls of identify {@r1@r1}
Potions
 f - a potion of heal wounds {unknown}
 i - 3 potions of brilliance {unknown}
 k - a potion of attraction {unknown}
 n - a potion of flight {unknown}
 p - a potion of mutation {unknown}
 r - a potion of lignification {unknown}
 s - 3 potions of curing {@q1@q1}
 v - a potion of might {unknown}
 w - a potion of berserk rage {unknown}

Dungeon Overview and Level Annotations

Branches:
Dungeon (5/15)
 Temple: D:4-7

Altars:
Fedhas

Annotations:
D:4 Natasha

#.# #######)# #.......# ######
#.#####.# #..... #.#
#.############# #.###. #.#
#.#...........# #...#.
#.#####.............# #.....
#...................####..#..
#...........@5.............<.
#...........h.......########.
#........###'#+#............)
#........###.#.#.############
###............#.#.##########..
###...........####.#........)[..#
.....................>..(....)[..
###.##........####.#...........#.
#.##........# #.#.............


You could see an iron imp (summoned) and Natasha (very poisoned).


Message History

The phantom blinks!
A mysterious force pulls you upwards. The hatch slams shut behind you.
You start resting.
Natasha, Servant of Life and Death comes into view.
She is carrying a wand of polymorph (7).
Throw: 4 boomerangs (disperse) {=f=f}
Press: ? - help, Q - select action, (/) - cycle Shift-Dir - straight line, f - Natasha
Aim: Natasha, carrying a wand of polymorph (7) (wandering, hasn't noticed you)
You throw a boomerang of dispersal {=f=f}.
The boomerang of dispersal {=f=f} closely misses Natasha.
Natasha hisses angrily.
Natasha mumbles some strange words.
You feel disoriented.
You are too injured to fight recklessly!
You are too injured to fight recklessly!
You are too injured to fight recklessly!
Natasha mumbles some strange words.
Natasha mewls in sadness.
Natasha closely misses you.
You hit Natasha.
Natasha is poisoned.
Natasha is lightly wounded.
Natasha stares at you and mumbles some strange words.
The magic dart hits you.
* * * LOW HITPOINT WARNING * * *
Unknown command.
You closely miss Natasha. You bite Natasha, but do no damage.
Natasha is lightly wounded.
The iron imp hits you!
* * * LOW HITPOINT WARNING * * *
Natasha claws you!
You die...

Skill      XL: |  1  2  3  4  5  6  7 |
---------------+----------------------+-----
Spellcasting   | 5 |  5.7
Invocations    | 1 2 3 |  3.0
Short Blades   | 1 2 |  2.7
Axes           | 1 2 |  2.7
Maces & Flails | 1 2 |  2.7
Polearms       | 1 2 |  2.7
Staves         | 1 2 |  2.7
Slings         | 1 2 |  2.7
Bows           | 1 2 |  2.7
Crossbows      | 1 2 |  2.7
Stealth        | 1 2 |  2.7
Shields        | 1 2 |  2.7
Unarmed Combat | 1 2 |  2.7
Evocations     | 1 2 |  2.7
Conjurations   | 1 2 |  2.2
Hexes          | 1 2 |  2.2
Summonings     | 1 2 |  2.2
Necromancy     | 1 2 |  2.2
Transmutations | 1 2 |  2.2
Fire Magic     | 1 2 |  2.2
Ice Magic      | 1 2 |  2.2
Air Magic      | 1 2 |  2.2
Earth Magic    | 1 2 |  2.2
Poison Magic   | 1 2 |  2.2
Throwing       | 3 |  3.8
Armour         | 3 |  3.8
Fighting       | 5 |  5.4
Long Blades    | 5 |  5.4
Dodging        | 5 |  5.4
Translocations | |  5.9

Action                   |  1- 3 |  4- 6 |  7- 9 || total
-------------------------+-------+-------+-------++-------
Melee: Falchion          |   124 |    69 |       ||   193
       Bite              |     8 |    13 |     7 ||    28
       Short sword       |       |    88 |    79 ||   167
       Punch             |       |     1 |     1 ||     2
Throw: Boomerang         |       |       |     2 ||     2
  Use: Scroll            |       |     4 |     1 ||     5
 Stab: Sleeping          |     3 |       |     1 ||     4
Armor: Leather armour    |    20 |    21 |    16 ||    57
Dodge: Dodged            |    70 |   106 |    45 ||   221
Block: Other             |    11 |    33 |    15 ||    59
       Reflection        |     1 |       |       ||     1
       Rpst.: Falchion   |    16 |    15 |       ||    31

Levels and vault maps discovered:
D:1:      roderic_crop_circles_arrival_small, layout_loops_ring,
          minmay_statues_item, minmay_lizard_pond
D:2:      layout_loops_corners, lightli_corner_chamber
D:3:      layout_rooms, fedhas_ov_isle_minmay, grunt_decor_arrowhead,
          hangedman_abyss_or_decor_stabs, uniq_ijyb
D:4:      layout_basic, portal_sewer_entry_e, uniq_natasha, uniq_edmund
D:5:      layout_loops_ring, lemuel_coloured_pillars_altar,
          uniq_crazy_yiuf_cottage, uniq_grinder, uniq_prince_ribbit1

Notes
Turn   | Place    | Note
-------+----------+-------------------------------------------
     0 | D:1      | Dracia the Gnoll Warper began the quest for the Orb.
     0 | D:1      | Reached XP level 1. HP: 20/20 MP: 6/6
    32 | D:1      | Reached XP level 2. HP: 24/26 MP: 7/7
   109 | D:1      | Learned a level 2 spell: Blink
   502 | D:1      | Reached XP level 3. HP: 31/31 MP: 9/9
   541 | D:1      | Reached skill level 5 in Spellcasting
   840 | D:1      | Learned a level 3 spell: Gell's Gravitas
   844 | D:1      | Learned a level 3 spell: Lesser Beckoning
   848 | D:1      | Learned a level 3 spell: Teleport Other
   898 | D:1      | Reached skill level 1 in Invocations
  1668 | D:2      | Reached skill level 1 in Short Blades
  1668 | D:2      | Reached skill level 1 in Axes
  1668 | D:2      | Reached skill level 1 in Maces & Flails
  1668 | D:2      | Reached skill level 1 in Polearms
  1668 | D:2      | Reached skill level 1 in Staves
  1668 | D:2      | Reached skill level 1 in Slings
  1668 | D:2      | Reached skill level 1 in Bows
  1668 | D:2      | Reached skill level 1 in Crossbows
  1668 | D:2      | Reached skill level 1 in Stealth
  1668 | D:2      | Reached skill level 1 in Shields
  1668 | D:2      | Reached skill level 1 in Unarmed Combat
  1668 | D:2      | Reached skill level 1 in Evocations
  1720 | D:2      | Reached XP level 4. HP: 38/38 MP: 11/11
  2366 | D:3      | Reached skill level 1 in Conjurations
  2366 | D:3      | Reached skill level 1 in Hexes
  2366 | D:3      | Reached skill level 1 in Summonings
  2366 | D:3      | Reached skill level 1 in Necromancy
  2366 | D:3      | Reached skill level 1 in Transmutations
  2366 | D:3      | Reached skill level 1 in Fire Magic
  2366 | D:3      | Reached skill level 1 in Ice Magic
  2366 | D:3      | Reached skill level 1 in Air Magic
  2366 | D:3      | Reached skill level 1 in Earth Magic
  2366 | D:3      | Reached skill level 1 in Poison Magic
  2499 | D:3      | Found a blossoming altar of Fedhas.
  2548 | D:3      | Noticed Ijyb
  2567 | D:3      | Killed Ijyb
  2568 | D:3      | Reached XP level 5. HP: 19/43 MP: 12/12
  2991 | D:4      | Noticed Edmund
  3008 | D:4      | Killed Edmund
  3009 | D:4      | Reached skill level 3 in Throwing
  3009 | D:4      | Reached skill level 3 in Armour
  3009 | D:4      | Reached skill level 2 in Invocations
  3009 | D:4      | Reached XP level 6. HP: 34/50 MP: 13/13
  3161 | D:4      | Reached skill level 5 in Fighting
  3161 | D:4      | Reached skill level 5 in Long Blades
  3161 | D:4      | Reached skill level 5 in Dodging
  3215 | D:4      | Reached skill level 2 in Short Blades
  3215 | D:4      | Reached skill level 2 in Axes
  3215 | D:4      | Reached skill level 2 in Maces & Flails
  3215 | D:4      | Reached skill level 2 in Polearms
  3215 | D:4      | Reached skill level 2 in Staves
  3215 | D:4      | Reached skill level 2 in Slings
  3215 | D:4      | Reached skill level 2 in Bows
  3215 | D:4      | Reached skill level 2 in Crossbows
  3215 | D:4      | Reached skill level 2 in Stealth
  3215 | D:4      | Reached skill level 2 in Shields
  3215 | D:4      | Reached skill level 2 in Unarmed Combat
  3215 | D:4      | Reached skill level 2 in Evocations
  3757 | D:4      | Reached XP level 7. HP: 56/56 MP: 15/15
  3928 | D:4      | Noticed Natasha
  3937 | D:4      | Killed Natasha
  4050 | D:5      | Entered Level 5 of the Dungeon
  4101 | D:5      | Reached skill level 2 in Conjurations
  4101 | D:5      | Reached skill level 2 in Hexes
  4101 | D:5      | Reached skill level 2 in Summonings
  4101 | D:5      | Reached skill level 2 in Necromancy
  4101 | D:5      | Reached skill level 2 in Transmutations
  4101 | D:5      | Reached skill level 2 in Fire Magic
  4101 | D:5      | Reached skill level 2 in Ice Magic
  4101 | D:5      | Reached skill level 2 in Air Magic
  4101 | D:5      | Reached skill level 2 in Earth Magic
  4101 | D:5      | Reached skill level 2 in Poison Magic
  4327 | D:5      | Noticed Grinder
  4346 | D:5      | Killed Grinder
  4347 | D:5      | Reached skill level 3 in Invocations
  4364 | D:4      | Noticed Natasha
  4370 | D:4      | HP: 2/56 [iron imp[Natasha] (9)]
  4370 | D:4      | Mangled by Natasha

Vanquished Creatures
  Grinder (D:5)
  Edmund (D:4)
  An ice beast (D:5)
  A bullfrog (D:4)
  An orc priest (D:4)
  2 hounds
  Ijyb (D:3)
  Natasha (D:4)
  A worker ant (D:4)
  A hound skeleton (D:4)
  4 adders
  A white imp (D:4)
  3 oozes
  3 worms
  3 dart slugs
  4 leopard geckos
  7 orcs
  2 ball pythons (D:4)
  6 bats
  7 giant cockroaches
  11 goblins
  6 hobgoblins
  3 jackals (D:3)
  A quokka (D:4)
  12 frilled lizards
  3 kobolds
  8 rats
95 creatures vanquished.

Vanquished Creatures (others)
  4 plants (D:1)
4 creatures vanquished.

Grand Total: 99 creatures vanquished

Table legend: (Time is in decaauts)
 A = Elapsed time spent in this place.
 B = Non-inter-level travel time spent in this place.
 C = Inter-level travel time spent in this place.
 D = Time resting spent in this place.
 E = Time spent auto-exploring this place.
 F = Levels seen in this place.
 G = Mean time per level.
                   A        B        C        D        E       F      G
               +--------+--------+--------+--------+--------+-----+--------+
         Total |   4383 |   4247 |    136 |    360 |   3052 |   5 |  876.6 |
       Dungeon |   4383 |   4247 |    136 |    360 |   3052 |   5 |  876.6 |
               +--------+--------+--------+--------+--------+-----+--------+

Top non-repeatable levels by time:
     D:1: 1278 daAuts
     D:4: 1071 daAuts
     D:2: 999 daAuts
     D:3: 723 daAuts
     D:5: 310 daAuts

Table legend:
 A = Non-vault XP
 B = Vault XP
 C = Vault XP percentage of total XP
 D = Non-vault monster count
 E = Vault monster count
 F = Vault count percentage of total count
                 A         B        C        D         E       F
            +---------+---------+-------+---------+---------+-------
      Total |     597 |     538 |  47.4 |      75 |      20 |  21.1
            +---------+---------+-------+---------+---------+-------
        D:1 |      49 |       8 |  14.0 |      22 |       8 |  26.7
        D:2 |      57 |       0 |   0.0 |      15 |       0 |   0.0
        D:3 |      37 |      36 |  49.3 |      16 |       1 |   5.9
        D:4 |     275 |     222 |  44.7 |      16 |      10 |  38.5
        D:5 |     179 |     272 |  60.3 |       6 |       1 |  14.3
            +---------+---------+-------+---------+---------+-------
